 Dungeon Crawl Stone Soup version 0.31-a0-1352-gc98d92d (webtiles) character file.

Game seed: 7189204694549670120

9496 Remcycle the Severer (level 11, -4/79 HPs)
             Began as a Formicid Fighter on Dec 22, 2023.
             Was a High Priest of Okawaru.
             Slain by a white ugly thing (26 damage)
             ... on level 9 of the Dungeon.
             The game lasted 00:37:02 (8970 turns).

Remcycle the Severer (Formicid Fighter)             Turns: 8970, Time: 00:37:03

Health: -4/79      AC: 18    Str: 26    XL:     11   Next: 75%
Magic:  11/11      EV:  7    Int:  7    God:    Okawaru [*****.]
Gold:   674        SH:  6    Dex: 13    Spells: 10/10 levels left

rFire   + . .        t - +2 battleaxe
rCold   . . .        c - +1 buckler
rNeg    . . .        C - +2 plate armour {rPois}
rPois   +            (helmet unavailable)
rElec   .            b - scarf of Valour {repulsion, rCorr}
rCorr   +            q - +2 pair of gloves
SInv    +            s - +0 pair of boots
Will    +....        u - amulet of regeneration Stlth
                     k - ring of resist corrosion
HPRegen 1.13/turn    v - ring of protection from fire
MPRegen 0.12/turn

%: repel missiles
@: studying Throwing
A: permanent stasis, dig shafts and tunnels, antennae 3, four strong arms
a: Dig, Shaft Self, Renounce Religion, Heroism, Finesse, Duel


You were on level 9 of the Dungeon.
You worshipped Okawaru.
Okawaru was extremely pleased with you.
You visited 2 branches of the dungeon, and saw 10 of its levels.
You also visited: Sewer, Ossuary and Bailey.

You collected 674 gold pieces.

Inventory:

Hand Weapons
 t - a +2 battleaxe (weapon)
Missiles
 y - an atropa-tipped dart (quivered)
Armour
 b - the scarf of Valour (worn) {repulsion, rCorr}
   (You acquired it on level 9 of the Dungeon)

   rCorr:     It protects you from acid and corrosion.
 c - a +1 buckler (worn)
 q - a +2 pair of gloves (worn)
 s - a +0 pair of boots (worn)
 C - a +2 plate armour of poison resistance (worn)
Jewellery
 e - a ring of positive energy
 k - a ring of resist corrosion (left hand)
 m - a ring of flight
 u - an amulet of regeneration (around neck)
 v - a ring of protection from fire (right hand)
Wands
 a - a wand of flame (20)
 f - a wand of iceblast (25)
Scrolls
 j - 2 scrolls of identify
 n - a scroll of noise
 w - a scroll of fog
 A - 2 scrolls of enchant weapon {unknown}
Potions
 d - 4 potions of might
 g - a potion of invisibility
 i - a potion of magic
 l - 2 potions of brilliance
 p - 3 potions of enlightenment
 r - 5 potions of curing
 x - a potion of lignification
 z - a potion of resistance


   Skills:
 + Level 5.0 Fighting
 + Level 16.4 Axes
 + Level 4.9 Armour
 + Level 6.0 Shields


You had 10 spell levels left.
You didn't know any spells.
Your spell library contained the following spells:

 Spells                   Type           Power      Damage    Failure   Level
 Olgreb's Toxic Radiance  Alch           0%         N/A       100%        4
 Ozocubu's Refrigeration  Ice            0%         4d7       100%        7
 Discord                  Hex            0%         N/A       100%        8
 Polar Vortex             Ice            0%         N/A       100%        9
 Simulacrum               Ice/Necr       Unusable   N/A       N/A         6

Dungeon Overview and Level Annotations

Branches:
Dungeon (9/15)             Temple (1/1) D:4           Sewer (visited)
Ossuary (visited)          Bailey (visited)
   Lair: D:8-11         Orc: D:9-12

Altars:
Ashenzari
Cheibriados
Dithmenos
Elyvilon
Fedhas
Gozag
Hepliaklqana
Kikubaaqudgha
Makhleb
Nemelex Xobeh
Okawaru
Qazlal
Ru
Sif Muna
Trog
Uskayaw
Vehumet
Wu Jian
Xom
Yredelemnul
Zin
The Shining One


Innate Abilities, Weirdness & Mutations

You cannot be hasted, slowed, berserked, paralysed or teleported.
You can dig through walls and to a lower floor.
You have a pair of large antennae on your head. (SInv)
Your four strong arms can wield two-handed weapons with a shield.


Message History

A deep elf pyromancer opens the door.
A skeletal warrior comes into view. It is wielding a +0 short sword.
There is an open door here.
The white ugly thing punches you but does no damage.
You hit the white ugly thing but do no damage.
The white ugly thing punches you. The white ugly thing freezes you!!
A two-headed ogre comes into view.
It is wielding a +2 dire flail of protection and a +0 giant club.
You barely miss the white ugly thing. The white ugly thing punches you!
The white ugly thing freezes you!!
* * * LOW HITPOINT WARNING * * *
You are too injured to fight recklessly!
You are too injured to fight recklessly!
A two-headed ogre breaks down the door.
A cyclops comes into view.
There is an open door here.
The deep elf pyromancer gestures wildly while chanting.
The deep elf pyromancer blinks!
The boulder beetle leaps!
The white ugly thing attacks as it pursues you!
You block the white ugly thing's attack.
The white ugly thing barely misses you.
Throw: 2 darts (atropa)
Press: ? - help, Q - select action, (/) - cycle Shift-Dir - straight line, f - white ugly thing
Aim: a white ugly thing (56% to hit, chance to blind on hit: 3%)
You throw an atropa-tipped dart.
The atropa-tipped dart closely misses the white ugly thing.
The white ugly thing punches you but does no damage.
The white ugly thing attacks as it pursues you!
The white ugly thing punches you but does no damage.
There is an open door here.
Okay, then.
You are too injured to fight recklessly!
You fail to use your ability.
The white ugly thing barely misses you.
You feel much better. The white ugly thing punches you.
The white ugly thing freezes you!!
You slash the white ugly thing!
The white ugly thing is lightly wounded.
The white ugly thing punches you.
* * * LOW HITPOINT WARNING * * *
The white ugly thing freezes you!!
You die...

##.#.'####+.#.## #..#######.#
##.#........#.## #.###......#
...'########+..# #.# #.######
##.............# ##'###.#
..#.#..#+####..# #......#
#.#.#..........# #......#
...........[...# #......#
#####+#####....###.+.....[#######
{ #...zu@..#......'......
{#...O#####..[...####### { C
{{{#....# ####'### #'O'####.####
##.# #{ยง.C'.#### #..#
#'.'####....# ##'#### ..# ,
{#....# #.....# #....# +.....#
#....# #.....#######


You could see a white ugly thing, a skeletal warrior, a two-headed ogre and a
cyclops.

Vanquished Creatures
  Gastronok (D:8)
  2 two-headed ogres
  Pikel (D:8)
  An ugly thing (D:7)
  An orc sorcerer (Bailey)
  A kobold demonologist (Bailey)
  2 shadows (D:9)
  A wraith (D:9)
  A steam dragon (D:9)
  A vampire mosquito (D:7)
  7 water moccasins
  7 orc warriors
  2 black bears
  A sky beast (D:6)
  3 ice beasts
  2 ogres
  3 centaurs
  3 lemures (D:8)
  2 kobold brigands
  7 bullfrogs
  A gnoll sergeant (D:9)
  A scorpion (D:7)
  6 wights
  2 water moccasin zombies (Ossuary)
  3 killer bees (D:7)
  A howler monkey (D:6)
  4 electric eels (Bailey)
  5 orc priests
  A bullfrog skeleton (D:7)
  A gnoll bouda (D:9)
  4 hounds
  A spectral scorpion (Ossuary)
  4 iguanas
  9 orc wizards
  3 scorpion zombies (D:7)
  A killer bee zombie (D:7)
  A crocodile zombie (Ossuary)
  2 mummies (Ossuary)
  Robin (D:3)
  8 adders
  16 gnolls
  3 river rats (Sewer)
  2 white imps
  4 ufetubi (D:6)
  6 adder zombies (Ossuary)
  2 worms
  27 orcs
  5 ball pythons
  6 endoplasms
  3 giant cockroaches
  28 goblins
  17 hobgoblins
  15 jackals
  15 quokkas
  4 bats
  2 frilled lizards
  6 gnoll zombies (Ossuary)
  7 hobgoblin zombies (Ossuary)
  7 kobolds
  2 kobold zombies (Ossuary)
  5 orc zombies (Ossuary)
  8 rats
298 creatures vanquished.

Vanquished Creatures (others)
  A hobgoblin (Bailey)
1 creature vanquished.

Grand Total: 299 creatures vanquished

Notes
Turn   | Place    | Note
-------+----------+-------------------------------------------
     0 | D:1      | Remcycle the Formicid Fighter began the quest for the Orb.
     0 | D:1      | Reached XP level 1. HP: 18/18 MP: 1/1
   103 | D:1      | Reached XP level 2. HP: 20/24 MP: 2/2
   185 | D:1      | Reached skill level 3 in Axes
   236 | D:1      | Reached XP level 3. HP: 29/29 MP: 3/3
   471 | D:1      | Found a faded altar of an unknown god.
  1058 | D:2      | Found an ornate altar of the Wu Jian Council.
  1254 | D:2      | Reached skill level 4 in Axes
  1254 | D:2      | Reached XP level 4. HP: 33/35 MP: 4/4
  1906 | D:2      | Reached XP level 5. HP: 41/41 MP: 5/5
  1950 | D:2      | Identified the +4 sling "Feboucsy" {heavy, *Slow +Blink
                  | rF++ SInv}
  2087 | D:3      | Noticed Robin
  2099 | D:3      | Killed Robin
  2100 | D:3      | Reached skill level 5 in Axes
  2335 | D:3      | Found a broken altar of Ashenzari.
  2340 | D:3      | Saw a vision of the Shoals and the Snake Pit.
  2340 | D:3      | Noticed a skyshark
  2340 | D:3      | Noticed a merfolk
  2340 | D:3      | Noticed a skyshark
  2340 | D:3      | Noticed a water nymph
  2340 | D:3      | Noticed a black mamba
  2340 | D:3      | Noticed a salamander
  2340 | D:3      | Noticed a manticore
  2340 | D:3      | Noticed a salamander
  2340 | D:3      | Noticed a naga
  2340 | D:3      | Noticed a naga sharpshooter
  2340 | D:3      | Noticed a naga mage
  2340 | D:3      | Noticed a salamander
  2340 | D:3      | Noticed a skyshark
  2341 | D:3      | Noticed a merfolk
  2341 | D:3      | Noticed a manticore
  2500 | D:3      | Found a glowing drain.
  2522 | Sewer    | Entered a sewer
  2621 | Sewer    | Noticed a kobold brigand
  2635 | Sewer    | Killed a kobold brigand
  2636 | Sewer    | Reached skill level 6 in Axes
  2636 | Sewer    | Reached XP level 6. HP: 44/47 MP: 6/6
  2663 | Sewer    | Found a white marble altar of Elyvilon.
  2990 | D:3      | Found a shimmering altar of Xom.
  3173 | D:4      | Found a staircase to the Ecumenical Temple.
  3202 | Temple   | Entered the Ecumenical Temple
  3231 | Temple   | Became a worshipper of Warmaster Okawaru
  3509 | D:4      | Found a snail-covered altar of Cheibriados.
  3516 | D:4      | Found a shadowy altar of Dithmenos.
  3521 | D:4      | Reached skill level 7 in Axes
  3521 | D:4      | Reached XP level 7. HP: 51/52 MP: 7/7
  3927 | D:5      | Entered Level 5 of the Dungeon
  4164 | D:5      | Reached skill level 8 in Axes
  4187 | D:5      | Reached * piety under Okawaru
  4188 | D:5      | Reached XP level 8. HP: 46/58 MP: 1/8
  5213 | D:6      | Reached skill level 9 in Axes
  5504 | D:6      | Found a hide-covered altar of Uskayaw.
  5542 | D:6      | Reached skill level 10 in Axes
  5552 | D:6      | Reached ** piety under Okawaru
  5596 | D:6      | Reached XP level 9. HP: 48/64 MP: 7/9
  5747 | D:6      | Found a stormy altar of Qazlal.
  5956 | D:7      | Reached skill level 11 in Axes
  6006 | D:7      | Found a sand-covered staircase.
  6022 | Ossuary  | Entered an ossuary
  6303 | D:7      | Reached skill level 12 in Axes
  6336 | D:7      | Reached *** piety under Okawaru
  6490 | D:7      | Noticed a green ugly thing
  6491 | D:7      | Identified the +0 leather armour of the Land of Plenty
                  | {Regen+}
  6498 | D:7      | Reached skill level 13 in Axes
  6512 | D:7      | Reached XP level 10. HP: 32/66 MP: 10/10
  6514 | D:7      | Killed a green ugly thing
  6514 | D:7      | Reached **** piety under Okawaru
  6592 | D:7      | Identified the +1 scale mail of Duck's Teeth {Rampage
                  | Regen+ rCorr}
  7032 | D:8      | Reached skill level 14 in Axes
  7046 | D:8      | Found an opulent altar of Gozag.
  7081 | D:8      | Noticed a two-headed ogre
  7097 | D:8      | Killed a two-headed ogre
  7118 | D:8      | Reached ***** piety under Okawaru
  7249 | D:8      | Found a flagged portal.
  7249 | D:8      | Noticed Pikel
  7266 | D:8      | Reached skill level 15 in Axes
  7270 | D:8      | Killed Pikel
  7284 | Bailey   | Entered a bailey
  7355 | Bailey   | Received a gift from Okawaru
  7359 | Bailey   | Noticed a kobold demonologist
  7360 | Bailey   | Reached XP level 11. HP: 75/75 MP: 11/11
  7715 | Bailey   | Found an iron altar of Okawaru.
  7715 | Bailey   | Noticed an orc sorcerer
  7729 | Bailey   | Killed an orc sorcerer
  7730 | Bailey   | Reached skill level 16 in Axes
  8196 | D:8      | Noticed Gastronok
  8210 | D:8      | Killed Gastronok
  8211 | D:8      | Reached skill level 5 in Shields
  8244 | D:8      | Identified the +0 leather armour "Welijoxt" {rN+ Str+4
                  | SInv}
  8248 | D:8      | Received a gift from Okawaru
  8479 | D:9      | Acquired the scarf of Valour {repulsion, rCorr}
  8503 | D:9      | Noticed a two-headed ogre
  8514 | D:9      | Killed a two-headed ogre
  8725 | D:9      | Found a basalt altar of Yredelemnul.
  8848 | D:9      | Reached skill level 5 in Fighting
  8955 | D:9      | Noticed a boulder beetle
  8955 | D:9      | Noticed a white ugly thing
  8956 | D:9      | Noticed a deep elf pyromancer
  8956 | D:9      | Noticed a skeletal warrior
  8958 | D:9      | Noticed a two-headed ogre
  8960 | D:9      | Noticed a cyclops
  8970 | D:9      | Slain by a white ugly thing

Illustrated notes

Levels and vault maps discovered:
D:1:      dpeg_arrival_houses_and_road, layout_basic,
          dreamdust_ecumenical_altar_grove, nicolae_wormholes
D:2:      layout_basic, basic_altar
D:3:      layout_basic, brannock_xom_greatest_gift, grunt_ashenzari_visionary
          [grunt_ashenzari_visionary_shoals, grunt_ashenzari_visionary_snake],
          portal_sewer_entry_f, uniq_robin
D:4:      layout_basic, jmf_multi_god_temple2, minmay_temple_entry_tees
D:5:      layout_layer_cave, minmay_misc_feat_x
D:6:      layout_rooms, kennysheep_little_box, lemuel_round_altar
D:7:      hangedman_cross_stitches, layout_loops_cross,
          mainiacjoe_ossuary_entry_find_the_door, st_stairs_1
D:8:      layout_rooms, grunt_gozag_breadcrumbs, enter_bailey_5, uniq_pikel,
          uniq_gastronok
D:9:      layout_roguey, nicolae_overflow_crystal_walls, minivault_11,
          minmay_the_grid_2x2 [minmay_the_grid_gridbox, minmay_the_grid_garden,
          minmay_the_grid_minigrid_medium, minmay_the_grid_prize_four_corners]
Temple:   compressed_dpeg_circular_temple

Skill      XL: |  1  2  3  4  5  6  7  8  9 10 11 |
---------------+----------------------------------+-----
Axes           | 3 4 6 7 8 10 13 15 16 | 16.4
Fighting       | 5 |  5.0
Armour         | 4 |  4.9
Shields        | 6 |  6.0

Action                     |  1- 3 |  4- 6 |  7- 9 | 10-12 || total
---------------------------+-------+-------+-------+-------++-------
  Melee: War axe           |   107 |   176 |   391 |    77 ||   751
         Battleaxe         |       |       |       |   212 ||   212
  Throw: Dart              |       |       |       |     1 ||     1
Ability: Dig               |     1 |     1 |     1 |       ||     3
    Use: Scroll            |       |     6 |    10 |     4 ||    20
         Potion            |       |       |     3 |     1 ||     4
 Armour: Scale mail        |    68 |   103 |   266 |   135 ||   572
         Plate armour      |       |       |       |   113 ||   113
  Dodge: Dodged            |    61 |    80 |   168 |    97 ||   406
  Block: Buckler           |    35 |    38 |   110 |    75 ||   258

Table legend: (Time is in decaauts)
 A = Elapsed time spent in this place.
 B = Non-inter-level travel time spent in this place.
 C = Inter-level travel time spent in this place.
 D = Time resting spent in this place.
 E = Time spent auto-exploring this place.
 F = Levels seen in this place.
 G = Mean time per level.
                   A        B        C        D        E       F      G
               +--------+--------+--------+--------+--------+-----+--------+
         Total |   9072 |   8683 |    389 |    447 |   5969 |  13 |  697.8 |
       Dungeon |   7679 |   7315 |    364 |    213 |   5341 |   9 |  853.2 |
        Temple |     55 |     30 |     25 |      0 |      0 |   1 |   55.0 |
         Sewer |    231 |    231 |      0 |      0 |    134 |   1 |  231.0 |
       Ossuary |    225 |    225 |      0 |      0 |    101 |   1 |  225.0 |
        Bailey |    879 |    879 |      0 |    234 |    392 |   1 |  879.0 |
               +--------+--------+--------+--------+--------+-----+--------+

Top non-repeatable levels by time:
     D:5: 1229 daAuts
     D:2: 1209 daAuts
     D:1: 895 daAuts
  Bailey: 879 daAuts
     D:4: 866 daAuts
     D:7: 829 daAuts
     D:3: 823 daAuts
     D:6: 764 daAuts
     D:8: 559 daAuts
     D:9: 501 daAuts
   Sewer: 231 daAuts
 Ossuary: 225 daAuts
  Temple: 55 daAuts
